 Dungeon Crawl Stone Soup version 0.27.1-34-g3ba077fa99 (webtiles) character file.

Game seed: 12543825025961069818

791 Delamore the Covert (level 7, -8/45 HPs)
             Began as an Octopode Brigand on Feb 11, 2022.
             Splashed by Ijyb's acid (10 damage)
             ... on level 4 of the Dungeon.
             The game lasted 00:04:08 (4440 turns).

Delamore the Covert (Octopode Brigand)              Turns: 4440, Time: 00:04:09

Health: -8/45      AC: -3    Str: 16    XL:     7   Next: 88%
Magic:  0/7        EV: 17    Int: 13    God:
Gold:   228        SH:  0    Dex: 16    Spells: 6/6 levels left

rFire    . . .     SeeInvis .   a - +2 dagger
rCold    . . .     Faith    .   (no shield)
rNeg     . . .     Spirit   +   (helmet restricted)
rPois    .         Reflect  .   t - amulet of guardian spirit
rElec    .         Harm     .   j - +6 ring of strength
rCorr    .         Rampage  .   r - +4 ring of evasion
Will     .....                  s - +4 ring of protection
Stlth    +++++.....             (no ring)
HPRegen  0.15/turn              (no ring)
MPRegen  0.10/turn              (no ring)
                                (no ring)
                                (no ring)

@: corroded
A: almost no armour, amphibious, 8 rings, camouflage 1, gelatinous body 1,
(nimble swimmer 1), tentacles
a: no special abilities


You were on level 4 of the Dungeon.
You visited 1 branch of the dungeon, and saw 4 of its levels.

You collected 332 gold pieces.
You spent 104 gold pieces at shops.

Inventory:

Hand Weapons
 a - a +2 dagger (weapon)
Missiles
 b - 59 poisoned darts
 c - a curare-tipped dart (quivered)
 p - 8 boomerangs
Armour
 k - a +0 kite shield
Jewellery
 j - a +6 ring of strength (left tentacle)
 r - a +4 ring of evasion (right tentacle)
 s - a +4 ring of protection (on tentacle)
 t - an amulet of guardian spirit (around mantle)
Scrolls
 f - 2 scrolls of teleportation
 h - 2 scrolls of identify
 l - a scroll of vulnerability
 q - a scroll of magic mapping
 u - a scroll of noise {unknown}
 v - a scroll of immolation {unknown}
Potions
 d - 2 potions of attraction {unknown}
 e - 3 potions of flight {unknown}
 g - 2 potions of haste {unknown}
 i - 3 potions of curing
 m - 3 potions of heal wounds
 n - a potion of berserk rage {unknown}
 o - a potion of resistance {unknown}


   Skills:
 - Level 2.0 Fighting
 + Level 6.4 Short Blades
 - Level 2.0 Throwing
 - Level 1.0 Dodging
 - Level 10.0 Stealth


You had 6 spell levels left.
You didn't know any spells.
Your spell library contained the following spells:

 Spells                   Type           Power      Damage    Failure   Level
 Foxfire                  Conj/Fire      0%         2x1d4     30%         1
 Call Canine Familiar     Summ           0%         N/A       67%         3
 Conjure Flame            Conj/Fire      0%         6-21      67%         3
 Inner Flame              Hex/Fire       0%         N/A       67%         3
 Portal Projectile        Hex/Tloc       0%         N/A       67%         3
 Leda's Liquefaction      Hex/Erth       0%         N/A       97%         4


Dungeon Overview and Level Annotations

Branches:
Dungeon (4/15)
 Temple: D:4-7

Altars:
Makhleb

Shops:
D:2 !

Annotations:
D:4 Ijyb


Innate Abilities, Weirdness & Mutations

You cannot wear most types of armour.
You are amphibious.
You can wear up to eight rings at the same time.
Your skin changes colour to match your surroundings (Stealth+).
Your rubbery body absorbs attacks. (AC +1, EV +1)
((You are camouflaged near water. (Stealth+)))
You have tentacles for arms and can constrict up to eight enemies at once.


Message History

You hit Ijyb but do no damage. Your squeeze misses Ijyb.
Ijyb is moderately wounded.
You constrict Ijyb, but do no damage. The centaur skeleton hits you.
The centaur skeleton kicks you but does no damage.
Ijyb grins evilly.
Ijyb hits you with a +2 dagger of protection.
You hit Ijyb but do no damage.
Ijyb is moderately wounded.
You constrict Ijyb. The centaur skeleton hits you.
The centaur skeleton barely misses you.
Ijyb hits you with a +2 dagger of protection.
You hit Ijyb but do no damage.
Ijyb is moderately wounded.
You constrict Ijyb.
The centaur skeleton hits you but does no damage.
The centaur skeleton barely misses you.
You hit Ijyb but do no damage.
Ijyb is heavily wounded.
You constrict Ijyb. Ijyb hits you but does no damage.
The centaur skeleton closely misses you.
The centaur skeleton misses you.
You hit Ijyb but do no damage. You squeeze Ijyb, but do no damage.
Ijyb is heavily wounded.
You constrict Ijyb.
The centaur skeleton hits you but does no damage.
The centaur skeleton kicks you but does no damage.
Ijyb zaps a wand.
The bolt of acid hits you! The acid corrodes you!
You are splashed with acid!
You aren't carrying any items that you can evoke.
Unknown command.
Throw: 2 darts (curare)
Press: ? - help, Q - select action, (/) - cycle Shift-Dir - straight line, f - Ijyb
Aim: Ijyb, wielding a +2 dagger of protection, wearing a +3 leather armour of poison resistance and carrying a wand of acid (9) (heavily wounded, constricted by you, 86% to hit)
You throw a curare-tipped dart.
The curare-tipped dart barely misses Ijyb.
You constrict Ijyb.
The centaur skeleton barely misses you. x2
Ijyb zaps a wand.
The bolt of acid hits you!
* * * LOW HITPOINT WARNING * * *
The acid corrodes you!
You are splashed with acid!
You die...

#.).................
#.######.............
###.####
#.......>(....
#......#
#......)......
#......#
#.............
#......#
#.............
##......#
#.............
........#
#.............
##......#
#^....@g.....(
#......#
#......Z......
########
#.............
##############


You could see Ijyb and a centaur skeleton.

Vanquished Creatures
  Grinder (D:4)
  Duvessa (D:4)
  A black bear (D:4)
  A necrophage (D:4)
  A gnoll sergeant (D:4)
  Dowan (D:4)
  A hound (D:4)
  An orc wizard (D:4)
  Robin (D:3)
  2 adders
  3 gnolls (D:4)
  An adder skeleton (D:4)
  2 worms (D:2)
  2 dart slugs (D:4)
  7 orcs
  7 ball pythons
  8 endoplasms
  2 giant cockroaches (D:3)
  14 goblins
  10 hobgoblins
  8 jackals
  4 quokkas
  4 bats
  6 kobolds
  6 rats
95 creatures vanquished.

Vanquished Creatures (others)
  2 fungi (D:2)
  4 toadstools (D:2)
6 creatures vanquished.

Grand Total: 101 creatures vanquished

Notes
Turn   | Place    | Note
-------+----------+-------------------------------------------
     0 | D:1      | Delamore the Octopode Brigand began the quest for the Orb.
     0 | D:1      | Reached XP level 1. HP: 14/14 MP: 1/1
   440 | D:1      | Reached XP level 2. HP: 19/19 MP: 2/2
   502 | D:1      | Reached skill level 6 in Stealth
   696 | D:1      | You fall into a shaft and drop 1 floor!
   711 | D:2      | Found Debbot's Distillery.
  1072 | D:2      | Reached XP level 3. HP: 24/24 MP: 3/3
  1321 | D:2      | Bought a potion of heal wounds for 65 gold pieces
  1923 | D:2      | Bought a potion of curing for 39 gold pieces
  2075 | D:3      | Reached XP level 4. HP: 29/29 MP: 4/4
  2078 | D:3      | Reached skill level 7 in Stealth
  2147 | D:3      | Noticed Robin
  2161 | D:3      | Killed Robin
  2868 | D:3      | Found a burning altar of Makhleb.
  2955 | D:3      | Found a faded altar of an unknown god.
  3090 | D:4      | Noticed Grinder
  3091 | D:4      | Noticed Dowan
  3091 | D:4      | Noticed Duvessa
  3124 | D:4      | Killed Dowan
  3125 | D:4      | Reached skill level 8 in Stealth
  3125 | D:4      | Reached XP level 5. HP: 24/34 MP: 5/5
  3242 | D:4      | Killed Duvessa
  3243 | D:4      | Reached XP level 6. HP: 39/39 MP: 6/6
  3259 | D:4      | Killed Grinder
  3260 | D:4      | Reached skill level 9 in Stealth
  3260 | D:4      | Reached XP level 7. HP: 11/45 MP: 7/7
  3897 | D:4      | Reached skill level 5 in Short Blades
  3897 | D:4      | Reached skill level 10 in Stealth
  4428 | D:4      | Noticed Ijyb
  4440 | D:4      | HP: 2/45 [Ijyb/bolt of acid (12)]
  4440 | D:4      | Splashed by Ijyb's acid

Illustrated notes

Levels and vault maps discovered:
D:1:      lemuel_arrival_behind_the_door_small, layout_loops_ring,
          serial_aquarium, aquarium_bridge_square [aquarium_subvault_window,
          aquarium_subvault_wall, aquarium_subvault_window,
          aquarium_subvault_bridge], aquarium_window_corridor_1,
          aquarium_window_1, aquarium_window_fake, aquarium_window_fake,
          aquarium_view_2b, aquarium_view_2d, aquarium_pool_four
D:2:      minmay_alternating_diamond, layout_rooms, serial_shops,
          nicolae_square_shop, chequers_serial_rivers_micro_e,
          solitary_fountain, minmay_gold_behind_fungi
D:3:      layout_basic, amcnicky_altar_gilded,
          shapermc_ecumenical_altar_mp_vishouse, uniq_robin
D:4:      layout_basic, minmay_divided_ellipse, uniq_grinder, uniq_duvessa,
          uniq_blork_the_orc, uniq_ijyb

Skill      XL: |  1  2  3  4  5  6  7 |
---------------+----------------------+-----
Stealth        | 6 8 9 10 | 10.0
Short Blades   | 3 4 6 |  6.4
Fighting       | |  2.0
Throwing       | |  2.0
Dodging        | |  1.0

Action                   |  1- 3 |  4- 6 |  7- 9 || total
-------------------------+-------+-------+-------++-------
Melee: Dagger            |    78 |    56 |    72 ||   206
       Tentacles         |    11 |    16 |    19 ||    46
       Constrict         |    17 |    14 |    17 ||    48
Throw: Dart              |       |    15 |     5 ||    20
       Throwing net      |       |     1 |       ||     1
  Use: Scroll            |     2 |     1 |       ||     3
 Stab: Sleeping          |    21 |     2 |     6 ||    29
       Held in net/web   |       |     1 |       ||     1
Armor: Skin              |     5 |     2 |    19 ||    26
Dodge: Dodged            |    35 |    13 |    56 ||   104
